 Dungeon Crawl Stone Soup version 0.29.1-12-g30fa7ad0bf (webtiles) character file.

Game seed: 14754309091263546426

19 devnull the Grave Robber (level 2, -2/19 HPs)
             Began as a Demonspawn Necromancer on Jan 15, 2023.
             Killed from afar by a dart slug (5 damage)
             ... with a slug dart
             ... on level 1 of the Dungeon.
             The game lasted 00:01:57 (455 turns).

devnull the Grave Robber (Demonspawn Necromancer)    Turns: 455, Time: 00:01:59

Health: -2/19      AC:  5    Str:  8    XL:     2   Next: 55%
Magic:  3/5        EV: 10    Int: 16    God:
Gold:   42         SH:  0    Dex: 13    Spells: 4/5 levels left

rFire   . . .      SeeInvis .   (no weapon)
rCold   . . .      Faith    .   (no shield)
rNeg    + . .      Spirit   .   c - +0 ring mail
rPois   .          Reflect  .   (no helmet)
rElec   .          Harm     .   (no cloak)
rCorr   .          Rampage  .   (no gloves)
Will    .....                   (no boots)
Stlth   +.........              (no amulet)
HPRegen 0.06/turn               e - ring of positive energy
MPRegen 0.09/turn               (no ring)

@: no status effects
A: foul stench 1
a: no special abilities


You were on level 1 of the Dungeon.
You visited 1 branch of the dungeon, and saw 1 of its levels.

You collected 42 gold pieces.

Inventory:

Armour
 a - a +0 robe
 c - a +0 ring mail (worn)
Jewellery
 e - a ring of positive energy (left hand)
Scrolls
 f - a scroll of torment {unknown}
 g - a scroll of blinking {unknown}
 h - a scroll of fog {unknown}
Potions
 b - a potion of magic
 d - a potion of brilliance {unknown}


   Skills:
 - Level 1.7 Dodging
 - Level 1.7 Stealth
 - Level 2.0 Spellcasting
 + Level 5.2 Necromancy


You had 4 spell levels left.
You knew the following spells:

 Your Spells              Type           Power      Damage    Failure   Level
a - Necrotise             Necr           72%        1d7       8%          1

Your spell library contained the following spells:

 Spells                   Type           Power      Damage    Failure   Level
 Vampiric Draining        Necr           18%        2d7       22%         3
 Animate Dead             Necr           18%        N/A       58%         4
 Agony                    Necr           18%        N/A       90%         5


Dungeon Overview and Level Annotations

Branches:
Dungeon (1/15)

Altars:


Innate Abilities, Weirdness & Mutations

You may rarely emit foul miasma when damaged in melee.


Message History

You hit the jackal but do no damage.
The jackal is moderately wounded.
The jackal is engulfed in dark miasma.
The jackal is poisoned.
The jackal barely misses you.
The jackal is engulfed in dark miasma.
The jackal looks even sicker.
The jackal seems to slow down.
You kill the jackal!
You start resting.
A hobgoblin is nearby!
Casting: Necrotise (safe; 8% risk of failure)
Confirm with . or Enter, or press ? or * to list all spells.
Aiming: Necrotise (safe; 8% risk of failure)
Press: ? - help, Shift-Dir - straight line, f - hobgoblin
Aim: a hobgoblin (moderately wounded, chance to affect: 88%)
The hobgoblin writhes in agony.
Casting: Necrotise (safe; 8% risk of failure)
Confirm with . or Enter, or press ? or * to list all spells.
Aiming: Necrotise (safe; 8% risk of failure)
Press: ? - help, Shift-Dir - straight line, f/p - hobgoblin
Aim: a hobgoblin (severely wounded, chance to affect: 88%)
The hobgoblin writhes in agony.
You kill the hobgoblin!
The dead are walking!
You start resting.
A slug dart appears from out of your range of vision.
The slug dart hits your hobgoblin skeleton.
You start resting.
A slug dart appears from out of your range of vision.
The slug dart hits your hobgoblin skeleton.
Your hobgoblin skeleton is destroyed!
You start resting.
A dart slug comes into view.
Casting: Necrotise (safe; 8% risk of failure)
Confirm with . or Enter, or press ? or * to list all spells.
Aiming: Necrotise (safe; 8% risk of failure)
Press: ? - help, Shift-Dir - straight line, f - dart slug
Aim: a dart slug (wandering, hasn't noticed you, chance to affect: 88%)
The dart slug writhes in agony.
The dart slug launches a dart at you. The slug dart hits you.
You die...

........# ######.####
......... ...##.#
......#####.##.######.
####....................
.).....g.......#..#####.
########†.......##.#
.......w#.##.......#
#######.#.##....#.....
#.@.........####
###..[.....## ####....##
#....# #....# #....#
######


You could see a dart slug.

Vanquished Creatures
  2 bats (D:1)
  2 endoplasms (D:1)
  A goblin (D:1)
  A hobgoblin (D:1)
  4 jackals (D:1)
  A quokka (D:1)
  2 ball pythons (D:1)
  2 rats (D:1)
15 creatures vanquished.

Vanquished Creatures (collateral kills)
  A bat (D:1)
1 creature vanquished.

Grand Total: 16 creatures vanquished

Notes
Turn   | Place    | Note
-------+----------+-------------------------------------------
     0 | D:1      | devnull the Demonspawn Necromancer began the quest for the
                  | Orb.
     0 | D:1      | Reached XP level 1. HP: 13/13 MP: 3/3
   350 | D:1      | Gained mutation: You may rarely emit foul miasma when
                  | damaged in melee. [demonic ancestry]
   350 | D:1      | Reached XP level 2. HP: 19/19 MP: 1/5
   401 | D:1      | Reached skill level 5 in Necromancy
   455 | D:1      | Killed from afar by a dart slug

Illustrated notes

Levels and vault maps discovered:
D:1:      minmay_arrival_loop, layout_rooms

Skill      XL: |  1  2 |
---------------+-------+-----
Necromancy     | 5 |  5.2
Dodging        | |  1.7
Stealth        | |  1.7
Spellcasting   | |  2.0

Action                   || total
-------------------------++-------
Melee: Unarmed           ||    30
 Cast: Necrotise         ||    16
Armor: Ring mail         ||    23
Dodge: Dodged            ||    27
